 Dungeon Crawl Stone Soup version 0.29.1-12-g30fa7ad0bf (webtiles) character file.

Game seed: 8230284711001077733

28321 croobank the Covert (level 13, -8/89 HPs)
             Began as an Octopode Summoner on Jan 2, 2023.
             Was an Initiate of Gozag.
             Killed from afar by an ironbound frostheart (35 damage)
             ... by creeping frost
             ... in an ice cave.
             The game lasted 01:32:00 (20228 turns).

croobank the Covert (Octopode Summoner)            Turns: 20228, Time: 01:32:00

Health: -8/89      AC:  5    Str:  9    XL:     13   Next: 38%
Magic:  30/34      EV: 16    Int: 35    God:    Gozag
Gold:   1509       SH:  0    Dex: 12    Spells: 10/28 levels left

rFire   + . .      SeeInvis +   c - +4 rapier "Dugif" {freeze, rC+ Str+2}
rCold   + + .      Faith    .   (no shield)
rNeg    . . .      Spirit   .   G - +0 mask of the Dragon {Will+ Slay+3 SInv}
rPois   .          Reflect  .   S - amulet of magic regeneration
rElec   .          Harm     .   A - ring of magical power
rCorr   .          Rampage  .   f - +4 ring of protection
Will    ++...                   o - +6 ring of intelligence
Stlth   ++++++....              e - ring of protection from cold
HPRegen 0.24/turn               r - +4 ring of slaying
MPRegen 0.64/turn               u - ring of protection from fire
                                C - ring of willpower
                                P - +6 ring of intelligence

@: no status effects
A: almost no armour, amphibious, 8 rings, camouflage 1, gelatinous body 1,
(nimble swimmer 1), tentacles
a: Renounce Religion, Potion Petition, Call Merchant, Bribe Branch


You were in an ice cave.
You worshipped Gozag.
Gozag was most pleased with you.
You visited 3 branches of the dungeon, and saw 15 of its levels.
You also visited: Bailey and Ice Cave.

You collected 2653 gold pieces.
You spent 652 gold pieces at shops.
You paid 492 gold pieces to Gozag.

Inventory:

Hand Weapons
 a - the +7 captain's cutlass {speed, disarm}
   (You took it off a gnoll bouda in a bailey)

   Attacks with this weapon are significantly faster.
   It may disarm weapon-wielding foes when striking them, dealing extra damage
   in the process.
 b - the +5 flail of Expedience {holy, rCorr Stlth+}
   (You found it on level 9 of the Dungeon)

   It has been blessed by the Shining One to cause great damage to the undead
   and demons.
   rCorr:     It protects you from acid and corrosion.
   Stlth:     It makes you more stealthy.
 c - the +4 rapier "Dugif" (weapon) {freeze, rC+ Str+2}
   (You found it on level 10 of the Dungeon)

   It freezes those it strikes, dealing additional cold damage.
   It can also slow down cold-blooded creatures.
   Str:       It affects your strength (+2).
   rC:        It protects you from cold.
 d - the +4 demon trident "Neiwocs" {drain, rN+ Dex+3}
   (You found it on level 2 of the Lair of Beasts)

   A truly terrible weapon, it drains the life of any living foe it strikes.
   Dex:       It affects your dexterity (+3).
   rN:        It protects you from negative energy.
 i - a +3 long sword
 T - a +3 dagger of holy wrath
 Z - a +2 arbalest of flaming
Missiles
 j - 6 poisoned darts
 B - 3 throwing nets (quivered)
 W - 2 curare-tipped darts
Armour
 q - a +0 buckler
 G - the +0 mask of the Dragon (worn) {Will+ Slay+3 SInv}
   (You acquired it on level 9 of the Dungeon)

   Slay:      It affects your accuracy & damage with ranged weapons and melee
   (+3).
   SInv:      It lets you see invisible.
   Will:      It increases your willpower.
Jewellery
 e - a ring of protection from cold (on tentacle)
 f - a +4 ring of protection (right tentacle)
 o - a +6 ring of intelligence (on tentacle)
 r - a +4 ring of slaying (on tentacle)
 u - a ring of protection from fire (on tentacle)
 A - a ring of magical power (left tentacle)
 C - a ring of willpower (on tentacle)
 P - a +6 ring of intelligence (on tentacle)
 S - an amulet of magic regeneration (around mantle)
Wands
 l - a wand of paralysis (28)
 H - a wand of polymorph (14)
 N - a wand of roots (10)
 R - a wand of flame (22)
Scrolls
 g - 3 scrolls of amnesia
 k - 4 scrolls of teleportation
 m - a scroll of enchant weapon
 p - a scroll of fog
 y - a scroll of immolation
 F - 2 scrolls of blinking
 L - a scroll of summoning
Potions
 h - 4 potions of lignification
 n - 3 potions of heal wounds
 t - 4 potions of might
 w - 4 potions of brilliance
 x - a potion of haste
 D - a potion of magic
 I - a potion of attraction
 J - 2 potions of invisibility {unknown}
 K - 2 potions of flight
 M - 2 potions of curing
 O - a potion of ambrosia {unknown}
Miscellaneous
 E - a piece from Xom's chessboard (15/15)


   Skills:
 + Level 8.6 Fighting
 - Level 5.0 Short Blades
 - Level 5.0 Maces & Flails
 + Level 8.9 Dodging
 - Level 12.0 Stealth
 + Level 8.2 Spellcasting
 - Level 5.0 Hexes
 + Level 9.6 Summonings
 * Level 4.2 Necromancy
 - Level 7.0 Air Magic


You had 10 spell levels left.
You knew the following spells:

 Your Spells              Type           Power      Damage    Failure   Level
a - Summon Small Mammal   Summ           100%       N/A       1%          1
b - Call Imp              Summ           69%        N/A       1%          2
c - Call Canine Familiar  Summ           69%        N/A       1%          3
d - Summon Guardian Gole  Hex/Summ       60%        N/A       1%          3
e - Summon Lightning Spi  Summ/Air       64%        N/A       1%          4
f - Apportation           Tloc           28%        N/A       3%          1
g - Dispel Undead         Necr           43%        3d17      5%          4

Your spell library contained the following spells:

 Spells                   Type           Power      Damage    Failure   Level
 Necrotise                Necr           100%       1d9       1%          1
 Vampiric Draining        Necr           43%        2d9       1%          3
 Inner Flame              Hex/Fire       31%        N/A       3%          3
 Cause Fear               Hex            24%        N/A       3%          4
 Conjure Flame            Conj/Fire      14%        6-21      9%          3
 Gell's Gravitas          Tloc           14%        N/A       9%          3
 Ignite Poison            Fire/Tmut/Pois 14%        N/A       9%          3
 Lesser Beckoning         Tloc           14%        N/A       9%          3
 Ozocubu's Armour         Ice            14%        N/A       9%          3
 Teleport Other           Tloc           14%        N/A       9%          3
 Agony                    Necr           43%        N/A       14%         5
 Sticky Flame             Conj/Fire      14%        2d4       30%         4
 Metabolic Englaciation   Hex/Ice        15%        N/A       30%         5
 Death Channel            Necr           21%        N/A       63%         6
 Malign Gateway           Summ/Tloc      24%        N/A       98%         7
 Statue Form              Tmut/Erth      9%         N/A       99%         6
 Storm Form               Tmut/Air       19%        N/A       99%         7
 Discord                  Hex            24%        N/A       100%        8
 Corpse Rot               Necr/Pois/Air  Unusable   N/A       N/A         4
 Simulacrum               Ice/Necr       Unusable   N/A       N/A         6

Dungeon Overview and Level Annotations

Branches:
Dungeon (11/15)            Temple (1/1) D:7            Lair (3/5) D:10
 Shoals (0/4) Lair:3       Spider (0/4) Lair:2          Orc (0/2) D:11
 Bailey (visited)           IceCv (1/1)

Altars:
Dithmenos
Elyvilon
Fedhas
Gozag
Hepliaklqana
Makhleb
Nemelex Xobeh
Okawaru
Ru
Sif Muna
Uskayaw
Vehumet
Yredelemnul
Zin

Shops:
D:4 **   D:7 =[   D:11 =

Annotations:
D:10 digging


Innate Abilities, Weirdness & Mutations

You cannot wear most types of armour.
You are amphibious.
You can wear up to eight rings at the same time.
Your skin changes colour to match your surroundings (Stealth+).
Your rubbery body absorbs attacks. (AC +1, EV +1)
((You are camouflaged when in or above water. (Stealth+)))
You have tentacles for arms and can constrict up to eight enemies at once.


Message History

Casting: Summon Guardian Golem (safe; 1% risk of failure)
Confirm with . or Enter, or press ? or * to list all spells.
An electric hum fills the air.
Your warg bites the ironbound frostheart!
The ironbound frostheart touches your warg!
The ironbound frostheart freezes your warg!
Your guardian golem overheats!
What are your orders? t - Shout!
Orders for allies: a - Attack new target. r - Retreat! s - Stop attacking. g - Guard the area. f - Follow me.
Anything else - Cancel.
Gang up on whom?
Press: ? - help, Dir - move target, f - ironbound frostheart
Aim: an ironbound frostheart, wearing a +0 scale mail (lightly wounded, ally target) Attack!
Your warg bites the ironbound frostheart.
The ironbound frostheart calls freezing cold from the walls.
The frost grips you! You partially resist. The frost grips your warg!!!
Your warg dies!
Your warg's corpse disappears in a puff of smoke!
The frost grips your lightning spire!!
Your lightning spire partially resists.
The frost grips your guardian golem!!
Your guardian golem partially resists.
Flame seeps out of your guardian golem.
Your guardian golem disappears in a puff of smoke!
Your guardian golem explodes!
The fiery explosion engulfs you!! You resist.
The fiery explosion engulfs your lightning spire.
Your lightning spire resists.
Your lightning spire shoots out a bolt of lightning at the ironbound frostheart!
The bolt of electricity hits the ironbound frostheart!!
You hear a bellow!
The ice encasing you melts away.
The ironbound frostheart calls freezing cold from the walls.
The frost grips you!! You partially resist.
You die...
Your body crumbles into a pile of gold.

#.########~#
###≈≈≈###~##
##≈≈≈≈≈#~~#
#≈≈≈≈≈≈~~##
#≈≈≈≈≈≈~~##
#≈≈≈≈≈≈≈#.#
##≈≈≈≈≈≈#.##
###≈≈≈≈≈≈##.# $
##.##≈≈#≈≈##@# $
#..$##≈##≈#§§#
#h.#$.######§○#
#Yh###$#.#.#.8§#


ppYh #..#Y.#...# ...$# ##.p##p.$## .... #$###..## ...# ##§##.## ... #.##.. You
could see an ironbound frostheart (distracted, ally target) and a friendly
lightning spire (summoned).

Vanquished Creatures
  4 elephants
  A polar bear (IceCv)
  6 blink frogs (Lair:2)
  A wyvern (Lair:2)
  2 yaks (IceCv)
  A basilisk (Lair:2)
  A steam dragon (D:8)
  2 vampire mosquitoes (D:10)
  Menkaure (D:5)
  An orc warrior (D:7)
  A sky beast (D:8)
  A black bear (D:7)
  6 wolves
  2 centaurs
  A bullfrog (Lair:1)
  A gnoll sergeant (D:6)
  2 scorpions (D:6)
  Dowan (D:5)
  2 killer bees (D:10)
  4 howler monkeys
  A crimson imp (D:8)
  2 orc priests
  A gnoll bouda (Bailey)
  2 hounds (Bailey)
  2 iguanas
  3 orc wizards
  A hell rat (Lair:1)
  An adder (D:2)
  15 orcs
  3 bats
  4 endoplasms
  A giant cockroach (D:4)
  3 hobgoblins
  A jackal (D:1)
  2 ball pythons
  3 kobolds
  3 rats (D:1)
89 creatures vanquished.

Vanquished Creatures (collateral kills)
  A fire dragon (D:11)
  A two-headed ogre (D:9)
  An ironbound frostheart (IceCv)
  A death yak (IceCv)
  5 elephants
  2 cane toads (Lair:2)
  3 polar bears (IceCv)
  A troll (D:10)
  Prince Ribbit (D:6)
  A dream sheep (D:8)
  6 blink frogs (Lair:2)
  Sigmund (D:2)
  A wyvern (Lair:2)
  15 yaks
  A vampire mosquito (D:10)
  Grum (Bailey)
  A redback (Lair:2)
  2 death yak simulacra (Lair:3)
  An acid dragon (D:9)
  3 water moccasins
  3 black bears
  2 ogres
  21 wolves
  A kobold brigand (D:9)
  2 phantoms (D:6)
  8 bullfrogs
  5 gnoll sergeants (Bailey)
  A scorpion (D:5)
  6 wights
  4 killer bees (D:11)
  4 howler monkeys
  A nameless horror (D:2)
  A jelly (D:4)
  3 gnoll boudas
  3 orc priests
  3 hounds
  3 iguanas
  Terence (D:2)
  3 orc wizards
  5 hell rats (Lair:1)
  A polar bear simulacrum (Lair:3)
  15 gnolls
  5 adders
  A river rat (D:4)
  A white imp (D:7)
  An ufetubus (D:5)
  A worm (D:4)
  A dart slug (D:4)
  12 orcs
  4 ball pythons
  2 endoplasms
  3 giant cockroaches
  6 goblins
  3 hobgoblins
  10 jackals
  4 quokkas
  2 bats
  2 frilled lizards
  9 kobolds
  A rat (D:4)
213 creatures vanquished.

Vanquished Creatures (others)
  2 death yaks (IceCv)
  2 elephants
  An ice statue (IceCv)
  A rime drake (Lair:2)
  2 hornets (D:9)
  5 polar bears (IceCv)
  2 dream sheep (D:8)
  7 yaks
  Duvessa (D:5)
  A water moccasin (D:4)
  An acid dragon (D:8)
  A black bear (Lair:1)
  2 ice beasts
  An ogre (D:5)
  11 wolves
  A centaur (D:9)
  A kobold brigand (D:10)
  A bullfrog (Lair:2)
  A gnoll sergeant (Bailey)
  3 wights
  3 killer bees (D:10)
  A jelly (D:8)
  5 gnoll boudas
  An iguana (D:5)
  7 gnolls
  A shadow imp (D:8)
  13 fungi
  15 plants
93 creatures vanquished.

Grand Total: 395 creatures vanquished

Notes
Turn   | Place    | Note
-------+----------+-------------------------------------------
     0 | D:1      | croobank the Octopode Summoner began the quest for the Orb.
     0 | D:1      | Reached XP level 1. HP: 11/11 MP: 3/3
   154 | D:1      | Reached XP level 2. HP: 13/17 MP: 5/5
   155 | D:1      | Reached skill level 3 in Stealth
   530 | D:1      | Learned a level 2 spell: Call Imp
   923 | D:1      | Reached XP level 3. HP: 22/22 MP: 1/6
   927 | D:1      | Learned a level 3 spell: Call Canine Familiar
  1972 | D:2      | You fall into a shaft and drop 2 floors!
  1991 | D:4      | Reached skill level 1 in Fighting
  1991 | D:4      | Reached XP level 4. HP: 28/28 MP: 0/7
  2207 | D:2      | Noticed Sigmund
  2265 | D:2      | Noticed a nameless horror
  2628 | D:2      | Killed a nameless horror
  2799 | D:2      | Identified the +1 chain mail of Arargho {Regen+}
  3129 | D:2      | Noticed Terence
  3335 | D:3      | Found a hide-covered altar of Uskayaw.
  3908 | D:4      | Reached skill level 4 in Stealth
  3943 | D:4      | Reached XP level 5. HP: 33/33 MP: 9/9
  4164 | D:4      | Noticed a water moccasin
  4203 | D:4      | Found Xaykuf's General Store.
  4406 | D:3      | Learned a level 3 spell: Summon Guardian Golem
  4491 | D:4      | Killed a water moccasin
  4492 | D:4      | Reached skill level 1 in Hexes
  4492 | D:4      | Reached XP level 6. HP: 39/39 MP: 10/10
  4537 | D:4      | Noticed a black bear
  4841 | D:4      | Killed a black bear
  5076 | D:4      | Found a large runed translucent door.
  5079 | D:4      | Found a large runed translucent door.
  5088 | D:4      | Found a blossoming altar of Fedhas.
  5100 | D:4      | Reached skill level 5 in Stealth
  5100 | D:4      | Reached skill level 5 in Summonings
  5100 | D:4      | Reached XP level 7. HP: 45/45 MP: 12/12
  5103 | D:4      | Found a glowing silver altar of Zin.
  5538 | D:4      | Found Urghuuzie's Serpentskin Sales.
  5614 | D:5      | Entered Level 5 of the Dungeon
  5623 | D:5      | Noticed Menkaure
  5631 | D:5      | Killed Menkaure
  5637 | D:5      | Learned a level 4 spell: Summon Lightning Spire
  5845 | D:5      | Reached XP level 8. HP: 52/52 MP: 13/13
  5863 | D:5      | Reached skill level 1 in Air Magic
  5996 | D:5      | Reached skill level 6 in Stealth
  6451 | D:5      | Noticed Dowan
  6456 | D:5      | Noticed Duvessa
  6510 | D:5      | Killed Duvessa
  6559 | D:5      | Killed Dowan
  7353 | D:6      | Reached XP level 9. HP: 58/58 MP: 14/15
  7611 | D:6      | Reached skill level 5 in Dodging
  7658 | D:6      | Reached skill level 7 in Stealth
  7866 | D:6      | Noticed Prince Ribbit
  7876 | D:6      | Killed Prince Ribbit
  8254 | D:2      | Killed Sigmund
  8255 | D:2      | Reached skill level 5 in Spellcasting
  8260 | D:2      | Killed Terence
  8617 | D:7      | HP: 3/60 [orc warrior/bolt (7)]
  8654 | D:7      | Reached skill level 5 in Fighting
  8827 | D:7      | Found Sasteoca's Armour Shop.
  8993 | D:7      | Found Wuywerph's Jewellery Shop.
  9379 | D:7      | Reached skill level 8 in Stealth
  9565 | D:7      | Reached XP level 10. HP: 66/66 MP: 17/17
  9581 | D:7      | Found a staircase to the Ecumenical Temple.
  9590 | Temple   | Entered the Ecumenical Temple
  9596 | Temple   | Became a worshipper of Gozag Ym Sagoz the Greedy
  9637 | D:7      | Found an iron altar of Okawaru.
 10271 | D:8      | Found a burning altar of Makhleb.
 10330 | D:8      | Found a flagged portal.
 10354 | Bailey   | Entered a bailey
 10594 | Bailey   | Noticed Grum
 10599 | Bailey   | Reached skill level 5 in Hexes
 10601 | Bailey   | Killed Grum
 11521 | D:8      | Reached skill level 1 in Short Blades
 11521 | D:8      | Reached skill level 9 in Stealth
 11539 | D:8      | Reached skill level 5 in Air Magic
 11696 | D:9      | Noticed a two-headed ogre
 11713 | D:9      | Killed a two-headed ogre
 11787 | D:9      | Reached XP level 11. HP: 39/72 MP: 20/20
 11969 | D:9      | Found a radiant altar of Vehumet.
 12083 | D:9      | Found a shadowy altar of Dithmenos.
 12367 | D:9      | Identified the +5 flail of Expedience {holy, rCorr Stlth+}
 12369 | D:9      | Found a white marble altar of Elyvilon.
 12519 | D:9      | Identified 2 scrolls of acquirement
 12519 | D:9      | Acquired the +0 mask of the Dragon {Will+ Slay+3 SInv}
 12519 | D:9      | Found the +0 mask of the Dragon {Will+ Slay+3 SInv}
 12534 | D:9      | Acquired Vaeget's Precepts of Twisted Transfiguration
 12820 | D:10     | Entered Level 10 of the Dungeon
 13416 | D:10     | Found a shimmering blue altar of Sif Muna.
 13913 | D:10     | Reached skill level 1 in Maces & Flails
 14127 | D:10     | Identified the +4 rapier "Dugif" {freeze, rC+ Str+2}
 14284 | D:10     | Reached skill level 10 in Stealth
 14355 | D:10     | Found a staircase to the Lair.
 14596 | D:11     | Found a staircase to the Orcish Mines.
 14672 | D:11     | Noticed a fire dragon
 14682 | D:11     | Killed a fire dragon
 14909 | D:11     | Found Rupek's Jewellery Shoppe.
 15050 | D:4      | Bought a scroll of summoning for 123 gold pieces
 15050 | D:4      | Bought a scroll of blinking for 97 gold pieces
 15102 | D:7      | Bought a +6 ring of intelligence for 432 gold pieces
 15156 | Lair:1   | Entered Level 1 of the Lair of Beasts
 16833 | Lair:2   | Identified the +4 demon trident "Neiwocs" {drain, rN+
                  | Dex+3}
 16861 | Lair:2   | Reached XP level 12. HP: 81/81 MP: 22/22
 17477 | Lair:2   | Reached skill level 11 in Stealth
 17926 | Lair:2   | Found a hole to the Spider Nest.
 18009 | Lair:2   | Identified the +1 pair of boots of Conscience {rElec
                  | Slay+3}
 18178 | Lair:2   | Reached skill level 5 in Short Blades
 18371 | Lair:3   | Found a frozen archway.
 18426 | IceCv    | Entered an ice cave
 18601 | IceCv    | Learned a level 1 spell: Apportation
 18614 | IceCv    | Learned a level 4 spell: Dispel Undead
 18728 | IceCv    | Reached skill level 1 in Necromancy
 18739 | IceCv    | Reached XP level 13. HP: 77/88 MP: 22/24
 18867 | IceCv    | Reached skill level 12 in Stealth
 19190 | IceCv    | Reached skill level 5 in Maces & Flails
 19893 | IceCv    | HP: 3/89 [death yak (15)]
 20228 | IceCv    | Killed from afar by an ironbound frostheart

Illustrated notes

Levels and vault maps discovered:
D:1:      onia_arrival_handbag, layout_basic, minmay_split_cup_small
D:2:      layout_rooms, uniq_terence, uniq_sigmund
D:3:      wander_river, layout_rooms, nicolae_uskayaw_dance_hall,
          minmay_misc_feat_cross, minmay_misc_feat_plants, hex_intersection
D:4:      layout_rooms, jmf_multi_god_temple2, serial_shops,
          nicolae_shop_waterfront, portal_sewer_entry_a,
          hangedman_abyss_or_decor_lesser_grid, guppyfry_shop_venom
D:5:      layout_basic, minmay_fractal_squares_5, uniq_duvessa, uniq_menkaure
D:6:      layout_basic, uniq_prince_ribbit1
D:7:      layout_basic, okawaru_ov_weapons_minmay,
          minmay_temple_entry_gardened_gates, minmay_shop_enchanted_jewellery,
          hangedman_decor_slide_cut, nicolae_inconvenience_store,
          serial_bayou_pond_d
D:8:      layout_loops_ring, makhleb_grotto_becter, enter_bailey_6,
          dreamdust_gnoll_shepherd
D:9:      layout_rooms, vehumet_altar_wand_db, mainiacjoe_overflow_paths,
          grunt_dithmenos_smoke
D:10:     layout_basic, nicolae_sif_muna_little_library, lair_entry_dummy
D:11:     layout_gridville, orc_0_dummy, serial_shops, nicolae_shop_trees,
          roderic_serpentine_path
Temple:   compressed_dpeg_triangle_lava_temple
Lair:1:   layout_cave_pods, minivault_27
Lair:2:   layout_misc_corridors, spider_nest_entry_a, beast_lair_carwin_2,
          grunt_megastairs_1
Lair:3:   layout_regular_city, minmay_shoals_entry_lonely_mermaid,
          portal_ice_cave_entry_ice_simulacra, lemuel_fruit_tree,
          infiniplex_staircase_pool_2
IceCv:    ice_cave_caverns_02

Skill      XL: |  1  2  3  4  5  6  7  8  9 10 11 12 13 |
---------------+----------------------------------------+-----
Stealth        | 3 4 5 6 8 9 10 11 12 | 12.0
Fighting       | 1 2 3 4 5 6 7 8 |  8.6
Dodging        | 3 4 5 6 7 8 |  8.9
Spellcasting   | 3 4 5 6 7 8 |  8.2
Hexes          | 1 2 3 4 5 |  5.0
Summonings     | 5 6 7 8 9 |  9.6
Air Magic      | 2 3 5 6 7 |  7.0
Short Blades   | 2 4 5 |  5.0
Maces & Flails | 2 4 5 |  5.0
Necromancy     | 1 4 |  4.2

Action                   |  1- 3 |  4- 6 |  7- 9 | 10-12 | 13-15 || total
-------------------------+-------+-------+-------+-------+-------++-------
Melee: Dagger            |    15 |    16 |     1 |       |       ||    32
       Tentacles         |     5 |    12 |    12 |    32 |     2 ||    63
       Unarmed           |     2 |       |       |       |       ||     2
       Constrict         |     3 |     5 |    10 |    26 |       ||    44
       War axe           |       |    17 |    47 |    23 |       ||    87
       Punch             |       |     1 |       |     5 |       ||     6
       Halberd           |       |       |     7 |       |       ||     7
       Cutlass           |       |       |       |    94 |       ||    94
       Rapier            |       |       |       |    10 |     4 ||    14
       Demon trident     |       |       |       |       |     1 ||     1
 Fire: Arbalest          |       |       |    11 |     9 |       ||    20
Throw: Throwing net      |       |       |     1 |       |       ||     1
 Cast: Summon Small Mamm |    30 |    33 |    33 |    21 |       ||   117
       Call Imp          |     8 |    15 |    16 |    12 |       ||    51
       Call Canine Famil |     2 |    22 |    33 |    36 |     3 ||    96
       Summon Guardian G |       |     4 |    23 |    45 |    18 ||    90
       Summon Lightning  |       |       |     9 |    58 |    16 ||    83
       Apportation       |       |       |       |     1 |     4 ||     5
Invok: Potion Petition   |       |       |       |       |     1 ||     1
Evoke: Wand              |       |     1 |     1 |     6 |       ||     8
  Use: Potion            |       |     4 |     3 |     1 |       ||     8
       Scroll            |       |     5 |     1 |    16 |     1 ||    23
 Stab: Sleeping          |     1 |     6 |     4 |     3 |       ||    14
       Paralysed         |       |       |     2 |       |       ||     2
       Distracted        |       |       |       |     2 |       ||     2
Armor: Skin              |       |     8 |    24 |    28 |     1 ||    61
Dodge: Dodged            |    22 |    31 |    41 |    94 |     3 ||   191
